Map: Washout LE

Players

Reynor - Winner!

  • Race: Zerg Zerg
  • League: Master
  • Spawn Location: 7:00

HolyHit

  • Race: Protoss Protoss
  • League: Grandmaster
  • Spawn Location: 1:00

Event: HomeStory Cup XXIX

VOD

Have the link to the VOD?

Description

Time

  • Played on: July 3, 2026, 6:37 a.m.
  • Length: 11:06

All games in this series

Show
View Real Time Build Order
Export as new Build Order

Reynor Zerg - Winner!

Build Orders: Hatch First 

Get SALT Encoding   

  8  0:00  Drone  
  9  0:10  Drone  
  10  0:15  Drone  
  11  0:27  Overlord  
  11  0:32  Drone  
  12  0:45  Drone x2  
  14  0:50  Drone  
  15  1:00  Drone  
  16  1:14  Hatchery  
  16  1:17  Drone  
  16  1:20  Drone  
  17  1:31  Drone  
  18  1:36  Extractor  
  17  1:42  Spawning Pool, Drone  
  17  1:50  Drone  
  18  1:59  Drone  
  19  2:09  Overlord  
  19  2:19  Drone  
  20  2:28  Queen x2, Drone  
  20  2:29  Zergling x2  
  26  2:37  Drone  
  26  2:39  Zergling x2  
  26  2:42  Metabolic Boost  
  28  2:49  Drone  
  29  2:51  Overlord  
  29  2:57  Drone  
  30  3:00  Zergling x2  
  31  3:09  Drone  
  32  3:16  Hatchery  
  31  3:21  Drone x2  
  31  3:22  Zergling x2  
  34  3:29  Zergling x2  
  34  3:30  Overlord  
  35  3:37  Queen  
  35  3:38  Drone  
  35  3:40  Drone  
  39  3:43  Zergling x2  
  40  3:49  Drone x2  
  40  3:53  Overlord  
  40  3:57  Drone x2  
  40  4:00  Drone  
  41  4:04  Spore Crawler  
  41  4:05  Drone  
  41  4:07  Drone  
  41  4:08  Drone  
  43  4:13  Drone x2  
  43  4:14  Drone  
  46  4:20  Overlord  
  46  4:23  Drone  
  47  4:26  Queen  
  47  4:28  Drone  
  47  4:30  Drone  
  51  4:35  Drone  
  52  4:43  Drone x3  
  55  4:46  Drone x2  
  55  4:47  Roach Warren  
  55  4:50  Drone x3  
  59  4:52  Overlord  
  59  4:54  Drone  
  59  4:57  Drone x2  
  59  4:59  Drone  
  63  5:05  Spore Crawler  
  63  5:06  Drone x2  
  64  5:09  Overlord  
  64  5:17  Drone x4  
  64  5:18  Drone  
  64  5:19  Spore Crawler, Overlord  
  68  5:23  Lair, Extractor  
  68  5:27  Zergling x6  
  70  5:32  Zergling x6  
  73  5:38  Overlord  
  73  5:39  Drone  
  73  5:40  Drone  
  73  5:42  Extractor  
  73  5:45  Zergling x4  
  73  5:46  Zergling x2  
  76  5:50  Overlord  
  76  5:51  Drone  
  76  5:54  Zergling x8  
  80  5:59  Drone  
  80  6:00  Overlord  
  81  6:07  Zergling x2  
  81  6:08  Queen  
  81  6:11  Drone x2, Overlord, Hatchery  
  85  6:19  Drone x2  
  85  6:20  Drone x3  
  85  6:21  Overseer  
  85  6:24  Drone  
  85  6:25  Drone x3, Spire  
  93  6:26  Extractor  
  93  6:27  Overlord, Extractor x2  
  93  6:30  Drone  
  91  6:34  Queen  
  91  6:35  Overlord  
  93  6:40  Roach x3  
  98  6:48  Roach x3  
  98  6:53  Drone x3  
  105  6:59  Drone x3  
  102  7:05  Roach x2  
  102  7:07  Roach  
  102  7:08  Roach x4  
  116  7:09  Overlord  
  116  7:15  Queen  
  116  7:18  Overlord  
  118  7:27  Roach x3, Zergling x6  
  127  7:33  Overlord  
  127  7:36  Zergling x12  
  133  7:38  Overlord  
  133  7:43  Mutalisk x4  
  139  7:52  Mutalisk x2  
  143  8:00  Glial Reconstitution, Hatchery  
  143  8:03  Drone  
  143  8:06  Mutalisk  
  143  8:12  Drone x6  
  151  8:13  Hatchery  
  151  8:16  Zerg Flyer Weapons Level 1, Evolution Chamber  
  149  8:24  Overlord  
  149  8:27  Mutalisk x2  
  149  8:29  Overlord  
  153  8:35  Mutalisk x2  
  153  8:36  Drone x6  
  153  8:38  Overlord  
  163  8:41  Overlord  
  159  8:48  Mutalisk  
  159  8:55  Mutalisk  
  159  8:58  Drone x5  
  159  9:02  Zerg Melee Weapons Level 1  
  166  9:04  Overlord  
  166  9:09  Mutalisk  
  166  9:10  Extractor  
  166  9:13  Drone, Extractor  
  167  9:20  Mutalisk  
  167  9:22  Zergling x2  
  167  9:23  Zergling x18  
  176  9:27  Queen  
  173  9:33  Mutalisk x2  
  173  9:36  Zergling x12  
  173  9:37  Zergling x8  
  184  9:41  Drone  
  184  9:42  Baneling Nest  
  184  9:43  Infestation Pit  
  183  9:45  Mutalisk  
  183  9:50  Zergling x12  
  182  10:11  Mutalisk x5  
  179  10:16  Mutalisk  
  179  10:20  Zergling x28  
  172  10:22  Mutalisk  
  172  10:27  Mutalisk x2  
  165  10:29  Zergling x8  
  165  10:30  Zergling x8  
  165  10:32  Zergling x8  
  172  10:39  Mutalisk x2  
  172  10:40  Mutalisk  
  176  10:44  Zergling x12  
Show
View Real Time Build Order
Export as new Build Order

HolyHit Protoss 

Build Orders: Oracle Opening, Zealot Archon, Archon Drop 

Get SALT Encoding   

  8  0:00  Probe (Chrono Boost)  
  9  0:13  Probe (Chrono Boost)  
  10  0:18  Probe (Chrono Boost)  
  11  0:27  Probe  
  12  0:34  Pylon  
  12  0:39  Probe  
  13  0:52  Probe  
  14  0:58  Gateway  
  14  1:05  Probe (Chrono Boost)  
  15  1:11  Assimilator  
  15  1:16  Probe (Chrono Boost)  
  16  1:21  Probe (Chrono Boost)  
  17  1:31  Probe  
  18  1:43  Probe  
  19  1:52  Nexus  
  19  2:04  Cybernetics Core  
  19  2:06  Probe  
  20  2:16  Assimilator  
  20  2:17  Pylon  
  20  2:20  Probe  
  21  2:35  Probe  
  22  2:37  Adept (Chrono Boost)  
  24  2:47  Probe  
  25  2:52  Stargate  
  25  3:00  Probe, Adept (Chrono Boost)  
  25  3:05  Probe  
  29  3:12  Probe (Chrono Boost), Warp Gate  
  31  3:21  Probe (Chrono Boost)  
  31  3:24  Probe (Chrono Boost)  
  31  3:26  Stalker  
  34  3:30  Probe (Chrono Boost)  
  34  3:31  Probe (Chrono Boost)  
  36  3:38  Probe  
  36  3:41  Probe, Pylon  
  38  3:45  Oracle  
  41  3:50  Probe  
  42  3:57  Probe  
  42  4:02  Probe  
  40  4:06  Gateway  
  40  4:09  Probe  
  41  4:11  Assimilator  
  41  4:14  Assimilator, Probe  
  42  4:21  Probe  
  42  4:22  Robotics Facility  
  42  4:28  Probe (Chrono Boost), Twilight Council  
  43  4:33  Probe (Chrono Boost)  
  44  4:40  Pylon  
  44  4:44  Probe x2 (Chrono Boost)  
  46  4:46  Gateway  
  46  4:47  Gateway  
  46  4:49  Probe (Chrono Boost)  
  46  4:51  Probe  
  48  4:55  Pylon  
  48  4:59  Probe  
  49  5:03  Probe, Adept  
  52  5:09  Warp Prism  
  54  5:16  Probe  
  54  5:19  Probe, Templar Archives  
  56  5:22  Adept  
  56  5:27  Pylon  
  58  5:32  Probe  
  59  5:42  Probe, Nexus  
  60  5:45  Charge  
  60  5:50  Pylon  
  60  5:53  Probe  
  61  6:03  Probe  
  62  6:07  Gateway  
  62  6:10  Gateway  
  62  6:11  Forge  
  62  6:12  Shield Battery  
  62  6:17  High Templar x4  
  70  6:18  Probe  
  70  6:21  Archon x2  
  70  6:24  Probe  
  72  6:31  Immortal, Probe  
  77  6:36  Probe  
  78  6:43  Probe  
  79  6:48  Probe  
  80  6:55  Probe  
  80  6:58  Probe  
  80  7:00  Probe  
  83  7:04  Zealot x2  
  83  7:05  Zealot x2, Pylon  
  83  7:06  Pylon  
  83  7:08  Probe  
  92  7:15  Zealot  
  94  7:18  Protoss Ground Weapons Level 1 (Chrono Boost)  
  94  7:23  Immortal (Chrono Boost)  
  94  7:28  Zealot x4  
  94  7:29  Zealot  
  108  7:30  Probe x3  
  101  7:51  Pylon  
  99  7:53  Zealot x5, Pylon  
  99  7:55  Immortal (Chrono Boost)  
  99  7:57  Probe  
  104  7:59  Assimilator  
  104  8:02  Assimilator  
  104  8:04  Shield Battery  
  104  8:05  Sentry  
  104  8:06  Photon Cannon  
  104  8:17  Robotics Bay, Zealot  
  104  8:18  Sentry x4  
  104  8:19  Robotics Facility  
  114  8:20  Blink (Chrono Boost)  
  114  8:23  Probe  
  115  8:32  Stalker  
  117  8:37  Probe  
  117  8:38  Probe  
  117  8:44  Stalker x5  
  125  8:51  Warp Prism (Chrono Boost)  
  123  9:03  Probe x2  
  125  9:13  Pylon  
  125  9:15  Colossus (Chrono Boost)  
  127  9:30  Pylon  
  127  9:31  Colossus (Chrono Boost)  
  127  9:32  Pylon  
  127  9:34  High Templar x2  
  127  9:35  Pylon  
  127  9:37  Pylon  
  132  9:39  Probe  
  132  9:42  Photon Cannon  
  132  9:44  Phoenix (Chrono Boost), Archon  
  135  9:49  Photon Cannon  
  135  9:50  Probe  
  135  9:52  Shield Battery  
  136  9:56  Stalker  
  136  9:57  Photon Cannon  
  135  10:00  Zealot  
  135  10:04  Stalker  
  126  10:12  Stalker x2  
  109  10:26  Stalker  
  103  10:35  Stalker  
  88  10:46  Stalker  
  80  10:54  Stalker x2  
  80  10:55  Zealot  
Tags
 
Add a new tag
Caveats
  • Supply blocks, unpowered buildings, or Contaminate may cause inaccurate times.
  • Supply counts are checked every 10 seconds.